 Dungeon Sprint DCSS version 0.27-a0-1217-g8a41f320e8 (webtiles) character file.

Game seed: 7103454743518125100

7162 mhtbhm the Severer (level 10, -9/154 HPs)
             Began as a Minotaur Berserker on June 5, 2021.
             Was a High Priest of Trog.
             Mangled by a spriggan defender
             ... wielding a +6 flail
              (23 damage)
             ... in the Dungeon (Sprint IV: "Fedhas' Mad Dash").
             The game lasted 00:04:09 (3300 turns).

mhtbhm the Severer (Minotaur Berserker)             Turns: 3300, Time: 00:04:09

Health: -9/154     AC: 13    Str: 24    XL:     10   Next: 86%
Magic:  9/9        EV: 11    Int:  4    God:    Trog [*****.]
Gold:   227        SH:  0    Dex: 11    Spells: 9/9 levels left

rFire    . . .     SeeInvis .   a - +1 executioner's axe (vorpal)
rCold    . . .     Faith    .   (shield currently unavailable)
rNeg     . . .     Spirit   .   b - +0 chain mail
rPois    .         Reflect  .   (helmet restricted)
rElec    .         Harm     .   (no cloak)
rCorr    .         Rampage  .   (no gloves)
Will     .....     NoTele   +   (no boots)
Stlth    ..........             j - amulet of invisibility {+Inv}
HPRegen  0.35/turn              o - +4 ring of slaying
MPRegen  0.11/turn              (no ring)

@: berserking (expiring), very quick
A: horns 2, retaliatory headbutt
a: Renounce Religion, Evoke Invisibility, Berserk, Trog's Hand, Brothers in Arms


You were in the Dungeon.
You worshipped Trog.
Trog was extremely pleased with you.
You visited 1 branch You collected 227 gold pieces.

Inventory:

Hand Weapons
 a - a +1 vorpal executioner's axe (weapon)
Missiles
 l - 10 poisoned darts
Armour
 b - a +0 chain mail (worn)
Jewellery
 j - the amulet of invisibility (around neck) {+Inv}
   (You found it in the Dungeon)

   [amulet of nothing]

   It lets you turn invisible.
 o - a +4 ring of slaying (left hand)
Wands
 m - a wand of paralysis (7)
Scrolls
 h - a scroll of blinking
 k - a scroll of enchant armour {unknown}
Potions
 c - a potion of curing
 d - a potion of heal wounds
 e - a potion of haste
 f - 2 potions of magic
 g - a potion of berserk rage
 i - a potion of flight {unknown}
 n - 2 potions of degeneration {unknown}


   Skills:
 + Level 14.2 Fighting
 * Level 17.8 Axes
 + Level 14.5 Armour
 + Level 6.0 Dodging
 - Level 8.0 Stealth
 - Level 6.8 Evocations


You had 9 spell levels left.
You didn't know any spells.
Your spell library was empty.

Dungeon Overview and Level Annotations

Branches:
Dungeon (1/1)

Altars:
Cheibriados
Dithmenos
Elyvilon
Gozag
Hepliaklqana
Kikubaaqudgha
Makhleb
Nemelex Xobeh
Okawaru
Qazlal
Ru
Sif Muna
Trog
Uskayaw
Vehumet
Wu Jian
Xom
Yredelemnul
Zin
The Shining One
Beogh
Jiyva
Lugonu

Shops:
D !*[[[(?[


Innate Abilities, Weirdness & Mutations

You have a pair of horns on your head.
You reflexively headbutt those who attack you in melee.


Message History

Found a lightning rod (4/4).
A red film seems to cover your vision as you go berserk!
You feel yourself moving faster!
You feel mighty!
The spriggan defender hits you with a +6 flail! x2
You slice the spriggan defender!!
Your headbutt misses the spriggan defender.
The spriggan defender is moderately wounded.
The spriggan defender hits you with a +6 flail!!
The spriggan defender blocks your attack.
Your headbutt misses the spriggan defender.
The spriggan defender is moderately wounded.
The spriggan defender hits you with a +6 flail!
You closely miss the spriggan defender. You headbutt the spriggan defender!!
The spriggan defender is severely wounded.
The spriggan defender hits you with a +6 flail!
You closely miss the spriggan defender.
Your headbutt misses the spriggan defender.
The spriggan defender is severely wounded.
The spriggan defender hits you with a +6 flail!!
The spriggan defender hits you with a +6 flail!
* * * LOW HITPOINT WARNING * * *
You closely miss the spriggan defender.
The spriggan defender is heavily wounded.
The spriggan defender hits you with a +6 flail!
* * * LOW HITPOINT WARNING * * *
You closely miss the spriggan defender.
The spriggan defender is heavily wounded.
The spriggan defender hits you with a +6 flail!
* * * LOW HITPOINT WARNING * * *
You closely miss the spriggan defender.
The spriggan defender is heavily wounded.
The spriggan defender hits you but does no damage.
The spriggan defender blocks your attack.
The spriggan defender is heavily wounded.
The spriggan defender hits you with a +6 flail!
* * * LOW HITPOINT WARNING * * *
You slash the spriggan defender! You headbutt the spriggan defender!
The spriggan defender is almost dead.
The spriggan defender hits you with a +6 flail!!
You die...

###############....()###.....♣.#
♣♣..♣.###.'..'...)...'))...♣..∩#
..♣..♣##:.#.)#.......###########
♣♣.♣).###.##'##......#
.♣...♣'...#♣)♣########
###########.....####
#..♣..♣....###
#...♣......♣...♣##
......♣....@i.∩...}
###################


You could see a spriggan defender.

Vanquished Creatures
  A spriggan berserker (D)
  A spriggan druid (D)
  6 oklob plants (D)
  A demonic crawler (D)
  3 burning bushes (D)
  A queen bee (D)
  A hornet (D)
  3 wandering mushrooms (D)
  3 scorpions (D)
  4 killer bees (D)
  5 oklob saplings (D)
  5 spriggans (D)
  A river rat (D)
  A rat (D)
36 creatures vanquished.

Vanquished Creatures (collateral kills)
  Agnes (D)
1 creature vanquished.

Vanquished Creatures (others)
  A ballistomycete spore (D)
  2 fungi (D)
3 creatures vanquished.

Grand Total: 40 creatures vanquished

Notes
Turn   | Place    | Note
-------+----------+-------------------------------------------
     0 | D        | mhtbhm the Minotaur Berserker began the quest for the Orb.
     0 | D        | Reached XP level 1. HP: 19/19 MP: 0/0
    12 | D        | Reached skill level 5 in Axes
    12 | D        | Reached XP level 2. HP: 18/28 MP: 1/1
   193 | D        | Noticed a scorpion
   194 | D        | Noticed an oklob sapling
   196 | D        | Killed an oklob sapling
   196 | D        | Reached ** piety under Trog
   197 | D        | Reached skill level 6 in Axes
   197 | D        | Reached XP level 3. HP: 37/37 MP: 2/2
   199 | D        | Killed a scorpion
   200 | D        | Reached skill level 7 in Axes
   200 | D        | Reached XP level 4. HP: 47/47 MP: 3/3
   203 | D        | Found the amulet of invisibility {+Inv}
   352 | D        | Found an opulent altar of Gozag.
   352 | D        | Found a hazy altar of Hepliaklqana.
   352 | D        | Found a burning altar of Makhleb.
   352 | D        | Found a sparkling altar of Nemelex Xobeh.
   352 | D        | Found a snail-covered altar of Cheibriados.
   352 | D        | Found a sacrificial altar of Ru.
   352 | D        | Found a shimmering blue altar of Sif Muna.
   352 | D        | Found a shimmering altar of Xom.
   352 | D        | Found a basalt altar of Yredelemnul.
   353 | D        | Found a viscous altar of Jiyva.
   353 | D        | Found a bloodstained altar of Trog.
   353 | D        | Found an ornate altar of the Wu Jian Council.
   354 | D        | Found an iron altar of Okawaru.
   354 | D        | Found a shadowy altar of Dithmenos.
   354 | D        | Found a glowing silver altar of Zin.
   355 | D        | Found an ancient bone altar of Kikubaaqudgha.
   355 | D        | Found a hide-covered altar of Uskayaw.
   356 | D        | Found a stormy altar of Qazlal.
   356 | D        | Found a white marble altar of Elyvilon.
   356 | D        | Found a glowing golden altar of the Shining One.
   357 | D        | Found a corrupted altar of Lugonu.
   357 | D        | Found a radiant altar of Vehumet.
   367 | D        | Reached skill level 8 in Axes
   367 | D        | Reached XP level 5. HP: 40/56 MP: 2/4
   524 | D        | Reached skill level 9 in Axes
   679 | D        | Reached *** piety under Trog
   680 | D        | Reached skill level 5 in Armour
   680 | D        | Reached skill level 1 in Evocations
   685 | D        | Reached skill level 10 in Axes
   685 | D        | Reached XP level 6. HP: 66/66 MP: 5/5
   767 | D        | Found Qumaesun's Assorted Antiques.
   767 | D        | Found Zapif's Distillery.
   788 | D        | Noticed a burning bush
   788 | D        | Noticed a wandering mushroom
   789 | D        | Noticed a wandering mushroom
   795 | D        | Reached skill level 10 in Fighting
   799 | D        | Killed a wandering mushroom
   799 | D        | Reached **** piety under Trog
   800 | D        | Reached skill level 11 in Axes
   800 | D        | Reached XP level 7. HP: 73/73 MP: 3/6
   806 | D        | Killed a burning bush
   807 | D        | Reached skill level 12 in Axes
   807 | D        | Reached skill level 5 in Dodging
   807 | D        | Reached skill level 1 in Stealth
  1002 | D        | Found Ceschu's Weapon Emporium.
  1002 | D        | Found Zeohad's Armour Shoppe.
  1250 | D        | Noticed a queen bee
  1255 | D        | Reached ***** piety under Trog
  1258 | D        | Reached skill level 13 in Axes
  1259 | D        | Killed a queen bee
  1260 | D        | Reached XP level 8. HP: 83/83 MP: 4/7
  1311 | D        | Noticed an oklob plant
  1529 | D        | Killed an oklob plant
  1529 | D        | Received a gift from Trog
  1530 | D        | Reached skill level 14 in Axes
  1530 | D        | Reached skill level 10 in Armour
  1590 | D        | Noticed a burning bush
  1600 | D        | Killed a burning bush
  1665 | D        | Noticed a burning bush
  1665 | D        | Noticed an oklob plant
  1666 | D        | Noticed a wandering mushroom
  1675 | D        | Killed a burning bush
  1676 | D        | Reached skill level 5 in Evocations
  1676 | D        | Reached XP level 9. HP: 71/91 MP: 5/8
  1685 | D        | Killed an oklob plant
  1686 | D        | Reached skill level 5 in Stealth
  1699 | D        | Reached skill level 15 in Axes
  1811 | D        | Noticed a spriggan druid
  1816 | D        | Killed a spriggan druid
  1867 | D        | Noticed an oklob plant conjurer
  2105 | D        | Killed an oklob plant conjurer
  2105 | D        | Reached ****** piety under Trog
  2343 | D        | Noticed an oklob plant
  2343 | D        | Noticed an oklob plant summoner
  2344 | D        | Noticed an oklob plant shifter
  2351 | D        | Killed an oklob plant
  2351 | D        | Received a gift from Trog
  2354 | D        | Killed an oklob plant summoner
  2355 | D        | Reached XP level 10. HP: 101/101 MP: 7/9
  2359 | D        | Killed an oklob plant shifter
  2461 | D        | Noticed a spriggan rider
  2468 | D        | Reached skill level 16 in Axes
  2473 | D        | Killed a spriggan rider
  2478 | D        | Received a gift from Trog
  2479 | D        | Found Caxelops's Magic Scroll Emporium.
  2698 | D        | Found Neurrakh's Antique Armour Shoppe.
  2743 | D        | Noticed Agnes
  2748 | D        | Killed Agnes
  2749 | D        | Reached skill level 17 in Axes
  3068 | D        | Found Ablukuck's Antique Armour Emporium.
  3068 | D        | Noticed a spriggan berserker
  3074 | D        | Killed a spriggan berserker
  3287 | D        | Found Xoepsev's Armour Shoppe.
  3288 | D        | Noticed a spriggan defender
  3300 | D        | Mangled by a spriggan defender

Illustrated notes

Levels and vault maps discovered:
D:        dungeon_sprint_fedhas [sprint_temple]

Skill      XL: |  1  2  3  4  5  6  7  8  9 10 |
---------------+-------------------------------+-----
Fighting       | 4 6 7 8 9 10 11 12 13 14 | 14.2
Axes           | 5 6 7 8 10 11 13 14 15 17 | 17.8
Armour         | 3 4 5 7 9 10 12 14 | 14.5
Dodging        | 3 4 5 6 |  6.0
Evocations     | 1 2 3 5 6 |  6.8
Stealth        | 2 4 7 8 |  8.0

Action                   |  1- 3 |  4- 6 |  7- 9 | 10-12 || total
-------------------------+-------+-------+-------+-------++-------
Melee: Hand axe          |    10 |    23 |    82 |     3 ||   118
       Headbutt          |     1 |     6 |    31 |     6 ||    44
       Executioner's axe |       |       |       |    30 ||    30
Invok: Berserk           |     2 |     4 |     7 |     5 ||    18
       Brothers in Arms  |       |       |       |     1 ||     1
 Abil: Evoke Invisibilit |       |     2 |     4 |       ||     6
 Stab: Invisible         |       |     1 |    10 |     1 ||    12
Armor: Chain mail        |     2 |     2 |     7 |     9 ||    20
Dodge: Dodged            |     1 |     2 |    25 |     4 ||    32

Table legend: (Time is in decaauts)
 A = Elapsed time spent in this place.
 B = Non-inter-level travel time spent in this place.
 C = Inter-level travel time spent in this place.
 D = Time resting spent in this place.
 E = Time spent auto-exploring this place.
 F = Levels seen in this place.
 G = Mean time per level.
                   A        B        C        D        E       F      G
               +--------+--------+--------+--------+--------+-----+--------+
         Total |   3436 |   3436 |      0 |   2908 |      3 |   1 | 3436.0 |
       Dungeon |   3436 |   3436 |      0 |   2908 |      3 |   1 | 3436.0 |
               +--------+--------+--------+--------+--------+-----+--------+

Top non-repeatable levels by time:
       D: 3436 daAuts
